Map: Magannatha LE

Players

ManlyManMeat

  • Race: Zerg Zerg
  • League: Diamond
  • Spawn Location: 5:00

BRRRZZZ - Winner!

  • Race: Protoss Protoss
  • League: Diamond
  • Spawn Location: 11:00

VOD

Have the link to the VOD?

Description

Time

  • Played on: July 3, 2025, 6:52 a.m.
  • Length: 5:14
Show
View Real Time Build Order
Export as new Build Order

ManlyManMeat Zerg 

Build Orders: Hatch First 

Get SALT Encoding   

  12  0:00  Drone  
  13  0:09  Drone  
  14  0:15  Drone, Extractor  
  15  0:21  Overlord  
  15  0:41  Drone  
  16  0:47  Hatchery  
  15  0:51  Drone  
  15  0:54  Drone  
  17  0:59  Drone  
  18  1:05  Extractor  
  17  1:15  Spawning Pool  
  17  1:18  Drone  
  17  1:21  Drone  
  18  1:29  Drone  
  19  1:41  Drone  
  20  2:01  Queen  
  20  2:02  Zergling x2, Queen  
  20  2:05  Zergling x2  
  26  2:11  Overlord  
  26  2:16  Drone  
  26  2:17  Drone  
  28  2:30  Drone  
  28  2:32  Drone x3  
  32  2:47  Hatchery  
  32  2:49  Drone x2  
  33  2:53  Metabolic Boost  
  33  3:04  Drone x3  
  33  3:05  Overlord  
  35  3:22  Overlord x2  
  35  3:32  Drone x4  
  39  3:39  Drone  
  40  3:41  Extractor, Queen  
  41  3:48  Drone x2  
  43  3:58  Baneling Nest  
  42  4:06  Queen  
  42  4:08  Drone x3  
  42  4:09  Drone x3  
  50  4:13  Drone  
  50  4:14  Drone x2  
  50  4:16  Evolution Chamber  
  52  4:22  Spore Crawler  
  51  4:25  Spore Crawler  
  50  4:38  Drone x4  
  53  4:39  Overlord x3  
  54  4:52  Zergling x4  
  56  4:59  Spore Crawler  
  49  5:01  Spore Crawler  
  49  5:02  Spore Crawler  
  43  5:08  Spore Crawler  
Show
View Real Time Build Order
Export as new Build Order

BRRRZZZ Protoss - Winner!

Build Orders: 1 Gate Expand, Dark Templar Rush 

Get SALT Encoding   

  12  0:00  Probe  
  13  0:12  Probe  
  14  0:21  Pylon  
  14  0:24  Probe  
  15  0:35  Probe  
  15  0:41  Gateway  
  16  0:43  Probe  
  16  0:49  Assimilator  
  17  0:53  Probe  
  18  1:05  Probe  
  19  1:17  Probe  
  20  1:29  Nexus  
  20  1:38  Cybernetics Core, Probe  
  21  1:50  Probe  
  21  1:53  Assimilator  
  22  1:55  Pylon  
  22  2:02  Probe  
  22  2:04  Adept  
  23  2:14  Probe  
  26  2:16  Warp Gate  
  26  2:26  Probe, Stalker  
  27  2:30  Twilight Council  
  27  2:38  Probe  
  27  2:39  Probe  
  31  2:46  Probe  
  31  2:51  Probe  
  33  2:56  Probe  
  33  2:58  Robotics Facility  
  33  3:03  Probe  
  35  3:08  Probe  
  36  3:15  Probe  
  35  3:24  Dark Shrine  
  35  3:28  Gateway  
  35  3:31  Gateway  
  35  3:33  Gateway  
  35  3:35  Probe x2, Warp Prism  
  37  3:47  Probe  
  40  3:49  Assimilator  
  40  3:52  Assimilator  
  40  3:54  Pylon  
  40  4:03  Adept  
  40  4:06  Probe x2  
  44  4:18  Probe x2  
  46  4:27  Pylon  
  46  4:30  Pylon, Probe x2  
  48  4:41  Dark Templar  
  48  4:42  Dark Templar x2  
  48  4:45  Probe x2  
  56  5:00  Dark Templar  
Tags
 
Add a new tag
Caveats
  • Supply blocks, unpowered buildings, or Contaminate may cause inaccurate times.
  • Supply counts are checked every 10 seconds.